 Dungeon Sprint DCSS version 0.24-a0-251-g44e327ef01 (webtiles) character file.

Game seed: 12301934600473452912

100 Redear the Ruffian (level 4, -9/49 HPs)
             Began as a Troll Fighter on Apr 16, 2019.
             Mangled by a water elemental (20 damage)
             ... in the Dungeon (Sprint III: "The Ten Rune Challenge").
             The game lasted 00:01:27 (127 turns).

Redear the Ruffian (Troll Fighter)                   Turns: 127, Time: 00:01:28

Health: -9/49      AC:  6    Str: 24    XL:     4   Next: 47%
Magic:  3/3        EV:  9    Int:  5    God:
Gold:   33         SH:  9    Dex:  9    Spells: 3/3 levels left

rFire    . . .     SeeInvis .     - Unarmed
rCold    . . .     Gourm    +   b - +0 shield
rNeg     . . .     Faith    .   a - +0 robe
rPois    .         Spirit   .   (helmet restricted)
rElec    .         Reflect  .   (no cloak)
rCorr    .         Harm     .   (gloves unavailable)
MR       .....     NoTele   +   (boots unavailable)
Stlth    +.........             (no amulet)
HPRegen  0.56/turn              (no ring)
MPRegen  0.08/turn              (no ring)

@: engulfed (cannot breathe)
A: large, unfitting armour, claws 3, fast metabolism 3, gourmand, regeneration
1, shaggy fur 1, tough skin 3
a: no special abilities


You were in the Dungeon.
You were not hungry.

You visited 1 branch You collected 33 gold pieces.

Inventory:

Armour
 a - a +0 robe (worn)
 b - a +0 shield (worn)
Scrolls
 g - 2 scrolls of immolation {unknown}
 j - a scroll of identify {unknown}
 l - 3 scrolls of torment {unknown}
 B - a scroll of blinking {@r4}
 N - 4 scrolls of remove curse
Potions
 c - a potion of might {Str+5 DMG+1d10 | @q3}
 d - a potion of invisibility {unknown}
 e - 4 potions of mutation {!q}
 f - a potion of heal wounds {@q1}
 h - 2 potions of magic
 i - a potion of berserk rage
 k - a potion of cancellation {unknown}
 m - a potion of flight {unknown}
 H - a potion of haste {@q5}
 Q - 2 potions of curing {@q2}
Comestibles
 z - 4 rations


   Skills:
 + Level 4.4 Fighting
 + Level 4.4 Dodging
 + Level 4.4 Shields
 + Level 4.8 Unarmed Combat


You had 3 spell levels left.
You didn't know any spells.
Your spell library was empty.

Dungeon Overview and Level Annotations

Branches:
Dungeon (1/1)

Altars:


Innate Abilities, Weirdness & Mutations

You are too large for most types of armour.
You have claws for hands.
Your metabolism is lightning-fast.
You like to eat raw meat.
Your natural rate of healing is unusually fast.
You are covered in fur. (AC +1)
You have extremely tough skin. (AC +3)


Message History

Your lungs strain for air!
You block the water elemental's attack.
You take 5 damage, and have 29/49 hp.
You scratch the water elemental.
The water elemental is severely damaged.
Your lungs strain for air!
You block the water elemental's attack.
You take 6 damage, and have 23/49 hp.
You claw the water elemental!
The water elemental is almost destroyed.
Your lungs strain for air!
You block the water elemental's attack.
You take 6 damage, and have 17/49 hp.
Unknown command.
You barely miss the water elemental.
The water elemental is almost destroyed.
* * * LOW HITPOINT WARNING * * *
Your lungs strain for air!
The water elemental hits you!!
You die...

▓▓▓▓▓▓▓ ▓▓▓ ..#...####
##.# ..#......#####..#
.##...)...#..#..#
#.##.##...#..#..###+#+##
#.##.###..##'#..#.......
.####.##..###...@E⌠.....
###..##.†####...#...####
.....##..###....#.⌠.#
##..##...##.....#...#
#..##....#......#+###
..###..##.#.....# ..#
#.. ####....# ▓▓▓ ▓▓▓
▓▓▓▓▓▓


You could see a water elemental.

Vanquished Creatures
  A scorpion (D)
  Jessica (D)
  A human (D)
  2 oozes (D)
  A rat (D)
6 creatures vanquished.

Vanquished Creatures (others)
  5 hellions (D)
  A yaktaur (D)
6 creatures vanquished.

Grand Total: 12 creatures vanquished

Notes
Turn   | Place    | Note
-------+----------+-------------------------------------------
     0 | D        | Redear the Troll Fighter began the quest for the Orb.
     0 | D        | Reached XP level 1. HP: 22/22 MP: 0/0
    14 | D        | Reached skill level 3 in Fighting
    14 | D        | Reached skill level 3 in Dodging
    14 | D        | Reached skill level 3 in Shields
    14 | D        | Reached XP level 2. HP: 31/31 MP: 1/1
    24 | D        | Noticed Jessica
    33 | D        | Killed Jessica
    33 | D        | Reached skill level 3 in Unarmed Combat
    33 | D        | Reached XP level 3. HP: 37/37 MP: 2/2
    44 | D        | Noticed a scorpion
    48 | D        | Killed a scorpion
    48 | D        | Reached skill level 4 in Fighting
    48 | D        | Reached skill level 4 in Dodging
    48 | D        | Reached skill level 4 in Shields
    48 | D        | Reached skill level 4 in Unarmed Combat
    48 | D        | Reached XP level 4. HP: 46/48 MP: 3/3
    57 | D        | Killed a yaktaur
    95 | D        | Killed a hellion
   106 | D        | Killed a hellion
   107 | D        | Killed a hellion
   108 | D        | Killed a hellion
   115 | D        | Killed a hellion
   121 | D        | Noticed a water elemental
   127 | D        | Mangled by a water elemental

Levels and vault maps discovered:
D:        dungeon_sprint_mu [sprint_mu_entry_cave, sprint_mu_temple_rooms,
          sprint_mu_d1_spiders, sprint_mu_d2_genie, sprint_mu_d3_branching,
          sprint_mu_orc_legion, sprint_mu_elf_gauntlet, sprint_mu_hive_nellie,
          sprint_mu_lair_fedhas, sprint_mu_vaults_butterflies,
          sprint_mu_slime_circle, sprint_mu_swamp_cave, sprint_mu_snake_twists,
          sprint_mu_blade_basic, sprint_mu_crypt_lich, sprint_mu_tomb_spiral,
          sprint_mu_vestibule_basic, sprint_mu_gehenna_hellfire,
          sprint_mu_dis_giant, sprint_mu_tartarus_statrot,
          sprint_mu_cocytus_islands, sprint_mu_zot1]

Skill      XL: |  1  2  3 |
---------------+----------+-----
Fighting       | 3 4 |  4.4
Dodging        | 3 4 |  4.4
Shields        | 3 4 |  4.4
Unarmed Combat | 3 4 |  4.8

Action                   |  1- 3 |  4- 6 || total
-------------------------+-------+-------++-------
Melee: Unarmed           |    14 |    12 ||    26
 Stab: Sleeping          |     1 |       ||     1
Armor: Robe              |     4 |       ||     4
Dodge: Dodged            |     3 |     2 ||     5
Block: Shield            |     3 |     5 ||     8

Table legend:
 A = Non-vault XP
 B = Vault XP
 C = Vault XP percentage of total XP
 D = Non-vault monster count
 E = Vault monster count
 F = Vault count percentage of total count
                 A         B        C        D         E       F
            +---------+---------+-------+---------+---------+-------
      Total |       0 |     144 | 100.0 |       0 |       6 | 100.0
            +---------+---------+-------+---------+---------+-------
          D |       0 |     144 | 100.0 |       0 |       6 | 100.0
            +---------+---------+-------+---------+---------+-------
